AoeStats
← Sekekama

Arabian Desert

510405527Analyzed
1v1 RM · 1d ago on Sep 30, 2026· 51m 24s· 2 players
Game mode
Random Map
Map size
Tiny (2 player)
Population
200
Speed
Normal
Resources
Standard
Victory
Conquest
Starting age
Dark Age
Ending age
Imperial Age
RankedLock teamsTeams togetherTeam positionsShared explorationLock speedFull tech treeHidden civsTurbo modeCheats
Victory
Defeat
🇵🇪 Goths · Peru
1366
+14
🇨🇴 Chinese · Colombia
1327
-14
Sekekama
0:26 Loom
9:05 Feudal Age
11:17 Double-Bit Axe
15:09 Fletching
21:44 Castle Age
20:36 Gold Mining
21:06 Bloodlines
21:03 Scale Barding Armor
21:00 Horse Collar
22:35 Forging
23:19 Gold Shaft Mining
23:01 Bow Saw
27:25 Iron Casting
26:49 Town Watch
33:36 Husbandry
33:57 Chain Barding Armor
35:30 Stone Mining
40:14 Imperial Age
38:28 Bodkin Arrow
41:32 Plate Barding Armor
40:19 Cavalier
41:37 Conscription
40:52 Capped Ram
42:44 Blast Furnace
43:58 Light Cavalry
46:36 Bracer
46:37 Scale Mail Armor
46:34 Light Cavalry
RJoat
6:24 Loom
9:25 Feudal Age
9:28 Man-at-Arms
14:09 Scale Mail Armor
15:48 Fletching
21:47 Castle Age
19:48 Double-Bit Axe
20:13 Horse Collar
21:57 Padded Archer Armor
22:46 Chain Mail Armor
22:34 Squires
22:52 Long Swordsman
23:54 Bow Saw
24:57 Forging
24:44 Pikeman
27:00 Heavy Plow
28:45 Sanctity
28:25 Stone Mining
32:18 Town Watch
37:07 Imperial Age
35:37 Wheelbarrow
35:21 Murder Holes
37:18 Hand Cart
38:00 Iron Casting
38:43 Conscription
41:38 Two-Man Saw
42:36 Blast Furnace
41:45 Bodkin Arrow
42:48 Halberdier
47:07 Masonry
47:28 Bracer
50:41 Town Patrol
Connection lost

Rejoining the realm…

Still unreachable

The connection could not be restored.

Session expired

The server has moved on; the page needs a fresh start.